 Dungeon Crawl Stone Soup version 0.22-a0-223-g0f5d773 (webtiles) character file.

187 Amnesiac the Conjurer (level 5, -3/31 HPs)
             Began as a Deep Elf Conjurer on Feb 18, 2018.
             Slain by a hippogriff (8 damage)
             ... on level 3 of the Dungeon.
             The game lasted 00:04:55 (2766 turns).

Amnesiac the Conjurer (Deep Elf Conjurer)           Turns: 2766, Time: 00:04:55

Health: -3/31      AC:  2    Str:  5    XL:     5   Next: 39%
Magic:  0/14       EV: 13    Int: 21    God:
Gold:   186        SH:  0    Dex: 15    Spells: 9/14 levels left

rFire    . . .     SeeInvis +   k - staff of conjuration
rCold    . . .     Gourm    .   (no shield)
rNeg     . . .     Faith    .   a - +0 robe
rPois    .         Spirit   .   (no helmet)
rElec    .         Reflect  .   (no cloak)
rCorr    .         Harm     .   (no gloves)
MR       .....                  (no boots)
Stlth    ++........             (no amulet)
HPRegen  0.10/turn              n - ring of see invisible
MPRegen  0.14/turn              (no ring)

@: no status effects
A: no striking features
a: no special abilities


You were on level 3 of the Dungeon.
You were near starving.

You visited 1 branch of the dungeon, and saw 3 of its levels.

You collected 186 gold pieces.

Inventory:

Hand Weapons
 q - a +2 hunting sling of flaming
Missiles
 d - 132 stones (quivered)
 r - 17 sling bullets
Armour
 a - a +0 robe (worn)
Magical Staves
 k - an uncursed staff of conjuration (weapon)
Jewellery
 n - a ring of see invisible (left hand)
Scrolls
 c - 2 scrolls of enchant weapon {!r, unknown}
 e - 5 scrolls of identify {!r, unknown}
 g - 4 scrolls of magic mapping {!r, unknown}
 j - 2 scrolls of enchant armour {!r, unknown}
 l - a scroll of remove curse {!r, unknown}
Potions
 f - a potion of mutation {!q, unknown}
 h - a potion of flight {!q, unknown}
 i - a potion of brilliance {!q, unknown}
 m - 2 potions of curing {!q, unknown}
 p - a potion of lignification {!q, unknown}
Comestibles
 b - 6 rations
 o - a chunk of flesh


   Skills:
 - Level 2.3 Fighting
 - Level 2.4 Dodging
 - Level 2.4 Stealth
 + Level 5.0 Spellcasting
 * Level 5.5 Conjurations


You had 9 spell levels left.
You knew the following spells:

 Your Spells              Type           Power        Failure   Level  Hunger
a - Magic Dart            Conj           ####         1%          1    None
d - Iskenderun's Mystic   Conj           #####...     11%         4    ####...


Dungeon Overview and Level Annotations

Branches:
Dungeon (3/15)

Altars:
Cheibriados

Annotations:
D:3 exclusions: orc and orc wizard


Message History

Confirm with . or Enter, or press ? or * to list all spells.
Aiming: Iskenderun's Mystic Blast (safe; 11% risk of failure)
Press: ? - help, Shift-Dir - straight line, f/p - hippogriff
Aim: a hippogriff (heavily wounded)
You feel a surge of power!
The orb of energy hits the hippogriff.
The hippogriff is severely wounded.
The hippogriff bites you! The hippogriff pecks you. The hippogriff claws you.
* * * LOW HITPOINT WARNING * * *
There is a stone staircase leading down here.
The hippogriff misses you. The hippogriff closely misses you.
The hippogriff completely misses you.
There is a stone staircase leading down here.
Casting: Iskenderun's Mystic Blast (safe; 11% risk of failure)
Confirm with . or Enter, or press ? or * to list all spells.
Aiming: Iskenderun's Mystic Blast (safe; 11% risk of failure)
Press: ? - help, Shift-Dir - straight line, f/p - hippogriff
Aim: a hippogriff (moderately wounded)
You feel a surge of power!
The orb of energy hits the hippogriff.
The hippogriff is severely wounded.
The orb of energy explodes!
The hippogriff bites you.
* * * LOW HITPOINT WARNING * * *
The hippogriff pecks you but does no damage.
The hippogriff closely misses you.
Casting: Iskenderun's Mystic Blast (safe; 11% risk of failure)
Confirm with . or Enter, or press ? or * to list all spells.
Aiming: Iskenderun's Mystic Blast (safe; 11% risk of failure)
Press: ? - help, Shift-Dir - straight line, f/p - hippogriff
Aim: a hippogriff (severely wounded)
You feel a surge of power!
You miscast Iskenderun's Mystic Blast.
You are very lightly contaminated with residual magic.
Wisps of smoke drift from your hands.
You are feeling very hungry.
The hippogriff bites you.
* * * LOW HITPOINT WARNING * * *
The hippogriff pecks you.
* * * LOW HITPOINT WARNING * * *
The hippogriff claws you.
* * * LOW HITPOINT WARNING * * *
Some of the chunks of flesh in your inventory have rotted away.
Casting: Iskenderun's Mystic Blast (safe; 11% risk of failure)
Confirm with . or Enter, or press ? or * to list all spells.
Aiming: Iskenderun's Mystic Blast (safe; 11% risk of failure)
Press: ? - help, Shift-Dir - straight line, f/p - hippogriff
Aim: a hippogriff (severely wounded)
You feel a surge of power!
The orb of energy hits the hippogriff.
The hippogriff is almost dead.
The orb of energy explodes!
The hippogriff completely misses you. The hippogriff pecks you.
* * * LOW HITPOINT WARNING * * *
The hippogriff closely misses you.
Your magical contamination has completely faded away.
There is a stone staircase leading down, spattered with blood here.
Casting: Iskenderun's Mystic Blast (safe; 11% risk of failure)
Confirm with . or Enter, or press ? or * to list all spells.
Aiming: Iskenderun's Mystic Blast (safe; 11% risk of failure)
Press: ? - help, Shift-Dir - straight line, f/p - hippogriff
Aim: a hippogriff (severely wounded)
You feel a surge of power!
The orb of energy hits the hippogriff.
The hippogriff is almost dead.
The orb of energy explodes!
You are near starving!
The hippogriff barely misses you. The hippogriff misses you.
The hippogriff claws you!
You die...

....# #.).............#...##.#
....####################.###.##..
.................#....H..# #.####
........>#######.#.#########.#...
..............##.# #.....#.##
###......####.##.# #.......#
###......####.##.################
....##......#.#.H...............#
######......#.#.@##############.#
..............#...........#.....#
...###......###...#.#####.#.#####
...# #...>..###...#.#.....#.#
...# #............#.#.#####.#
...# #.########.....#.# #.# '###
#.#......#.....#.# #.# .#
#....#.........#.# #.#
.##########.#.......#.# #.#


You could see a hippogriff.

Vanquished Creatures
  A worker ant (D:3)
  A hound skeleton (D:3)
  A gnoll (D:1)
  5 adders
  An ooze (D:3)
  2 worms
  A dart slug (D:2)
  3 leopard geckos
  5 orcs (D:3)
  A ball python (D:2)
  4 giant cockroaches
  10 goblins
  7 hobgoblins
  2 jackals (D:3)
  8 kobolds
  4 quokkas (D:2)
  12 bats
  3 frilled lizards
  6 rats
77 creatures vanquished.

Notes
Turn   | Place    | Note
-------+----------+-------------------------------------------
     0 | D:1      | Amnesiac the Deep Elf Conjurer began the quest for the Orb.
     0 | D:1      | Reached XP level 1. HP: 10/10 MP: 6/6
   167 | D:2      | Reached XP level 2. HP: 15/15 MP: 4/8
   357 | D:1      | Reached XP level 3. HP: 19/19 MP: 7/10
   394 | D:1      | Reached skill level 5 in Conjurations
   728 | D:2      | Found a snail-covered altar of Cheibriados.
   875 | D:2      | Reached skill level 5 in Spellcasting
   904 | D:2      | Found a faded altar of an unknown god.
  1093 | D:2      | Reached XP level 4. HP: 24/24 MP: 4/13
  1141 | D:2      | Learned a level 4 spell: Iskenderun's Mystic Blast
  1152 | D:2      | Reached skill level 1 in Fighting
  2006 | D:3      | Reached XP level 5. HP: 30/30 MP: 12/14
  2600 | D:3      | Noticed a hippogriff
  2766 | D:3      | Slain by a hippogriff

Vault maps used:
D:1:      dpeg_arrival_tiny_g
D:2:      kennysheep_slug_shrine, chequers_ecumenical_altar_simple

Skill      XL: |  1  2  3  4 |
---------------+-------------+-----
Spellcasting   | 4 5 |  5.0
Conjurations   | 5 |  5.5
Fighting       | 2 |  2.3
Dodging        | |  2.4
Stealth        | |  2.4

Action                   |  1- 3 |  4- 6 || total
-------------------------+-------+-------++-------
 Cast: Magic Dart        |    76 |    76 ||   152
       Iskenderun's Myst |       |    13 ||    13
  Eat: Chunk             |       |     6 ||     6
Armor: Robe              |     2 |     1 ||     3
Dodge: Dodged            |     7 |    14 ||    21

Table legend:
 A = Spawn XP
 B = Non-spawn XP
 C = Spawn XP percentage of total XP
 D = Spawn monster count
 E = Non-spawn monster count
 F = Spawn count percentage of total count
 G = Total turns spent on level
                    A         B        C        D         E        F      G
               +---------+---------+-------+---------+---------+-------+---------
         Total |       0 |     268 |   0.0 |       0 |      77 |   0.0 |  2766
               +---------+---------+-------+---------+---------+-------+---------
           D:1 |       0 |      41 |   0.0 |       0 |      16 |   0.0 |   653
           D:2 |       0 |      97 |   0.0 |       0 |      34 |   0.0 |  1055
           D:3 |       0 |     130 |   0.0 |       0 |      27 |   0.0 |  1058
               +---------+---------+-------+---------+---------+-------+---------
